 Dungeon Crawl Stone Soup version 0.21.1-1-g345015f (webtiles) character file.

194 senseless the Slasher (level 5, -1/39 HPs)
             Began as a Demonspawn Gladiator on July 11, 2018.
             Killed from afar by an orc wizard (2 damage)
             ... with a puff of flame
             ... on level 3 of the Dungeon.
             The game lasted 00:07:16 (1816 turns).

senseless the Slasher (Demonspawn Gladiator)        Turns: 1816, Time: 00:07:17

Health: -1/39      AC: 13    Str: 14    XL:     5   Next: 44%
Magic:  5/5        EV:  5    Int: 10    God:
Gold:   64         SH:  0    Dex: 15    Spells: 4/4 levels left

rFire    . . .     SeeInvis .   a - +0 long sword
rCold    . . .     Gourm    .   (no shield)
rNeg     . . .     Faith    .   m - +0 plate armour
rPois    .         Spirit   .   c - +0 helmet
rElec    .         Reflect  .   (no cloak)
rCorr    .         Harm     .   (no gloves)
MR       +....                  (no boots)
Stlth    ..........             e - amulet of magic regeneration
HPRegen  0.13/turn              i - ring of protection from magic
MPRegen  0.34/turn              t - ring of wizardry

@: no status effects
A: slimy green scales 1, powered by death 1, spiny 1
a: no special abilities


You were on level 3 of the Dungeon.
You were not hungry.

You visited 1 branch of the dungeon, and saw 3 of its levels.

You collected 64 gold pieces.

Inventory:

Hand Weapons
 a - a +0 long sword (weapon)
 l - a +0 dagger
Missiles
 d - 3 throwing nets (quivered)
Armour
 b - a +0 leather armour
 c - a +0 helmet (worn)
 m - a +0 plate armour (worn)
Jewellery
 e - an amulet of magic regeneration (around neck)
 i - a ring of protection from magic (left hand)
 t - a ring of wizardry (right hand)
Scrolls
 j - a scroll of remove curse {unknown}
 o - a scroll of fog {unknown}
 q - a scroll of teleportation {unknown}
 s - 2 scrolls of identify {unknown}
 u - a scroll of blinking {unknown}
Potions
 h - a potion of flight {unknown}
 k - 2 potions of curing {unknown}
 n - a potion of invisibility {unknown}
 p - a potion of might {unknown}
 r - a potion of heal wounds {unknown}
 v - a potion of magic {unknown}
 w - a potion of ambrosia {unknown}
Comestibles
 f - 5 rations
 g - a chunk of flesh


   Skills:
 + Level 2.7 Fighting
 + Level 4.4 Long Blades
 + Level 2.0 Throwing
 + Level 1.6 Armour
 + Level 3.3 Dodging
 + Level 0.3 Stealth


You had 4 spell levels left.
You didn't know any spells.

Dungeon Overview and Level Annotations

Branches:
Dungeon (3/15)

Altars:


Innate Abilities, Weirdness & Mutations

You are partially covered in slimy green scales. (AC +2)
You regenerate a little health from kills.
You are partially covered in sharp spines.


Message History

The orc wizard gestures wildly while chanting.
The orc wizard blinks!
The orc wizard mumbles some strange words.
The orc wizard flickers and vanishes!
Deactivating autopickup; reactivate with Ctrl-A.
You closely miss something. Something hits you.
You hit something but do no damage. Something hits you.
* * * LOW HITPOINT WARNING * * *
You hit something. Something hits you.
* * * LOW HITPOINT WARNING * * *
You hit something but do no damage.
You hear some strange, mumbled words.
A magic dart appears from out of thin air!
The magic dart hits you!
* * * LOW HITPOINT WARNING * * *
You closely miss something. Something hits you but does no damage.
You hear some strange, mumbled words.
A puff of flame appears from out of thin air!
The puff of flame hits you!
You die...
Soo.

..o# ..o oo #S##
#..# ### #.# #<#
##>#########.####
#.o{@.....#.....#
###..######.#..#.##
#.........#.#....#
#.#..###....#.####
#....# ##.....#
........# #.#####
######### #.# #.#
#.#


You could see an orc wizard.

Vanquished Creatures
  An orc priest (D:3)
  An orc wizard (D:2)
  5 adders
  An ooze (D:2)
  2 worms (D:2)
  3 dart slugs
  3 leopard geckos
  5 orcs
  5 bats
  5 giant cockroaches
  7 goblins
  5 hobgoblins
  7 jackals (D:1)
  4 quokkas (D:2)
  2 ball pythons (D:2)
  2 frilled lizards
  7 kobolds
  3 rats
68 creatures vanquished.

Notes
Turn   | Place    | Note
-------+----------+-------------------------------------------
     0 | D:1      | senseless the Demonspawn Gladiator began the quest for the Orb.
     0 | D:1      | Reached XP level 1. HP: 16/16 MP: 1/1
   125 | D:1      | Reached skill level 3 in Long Blades
   127 | D:1      | Gained mutation: You are partially covered in sharp spines. [demonic ancestry]
   127 | D:1      | Reached XP level 2. HP: 21/22 MP: 2/2
   535 | D:1      | Reached XP level 3. HP: 26/27 MP: 3/3
  1200 | D:2      | Gained mutation: You regenerate a little health from kills. [demonic ancestry]
  1200 | D:2      | Reached XP level 4. HP: 31/34 MP: 4/4
  1341 | D:2      | Reached skill level 1 in Armour
  1342 | D:2      | Reached skill level 4 in Long Blades
  1503 | D:2      | Gained mutation: You are partially covered in slimy green scales. (AC +2) [demonic ancestry]
  1503 | D:2      | Reached XP level 5. HP: 37/39 MP: 5/5
  1815 | D:3      | HP: 1/39 [something/magic dart (9)]
  1816 | D:3      | Killed from afar by an orc wizard

Skill      XL: |  1  2  3  4 |
---------------+-------------+-----
Long Blades    | 3 4 |  4.4
Throwing       | 2 |  2.0
Dodging        | 3 |  3.3
Armour         | 1 |  1.6
Fighting       | |  2.7
Stealth        | |  0.3

Action                   |  1- 3 |  4- 6 || total
-------------------------+-------+-------++-------
Melee: Long sword        |    88 |   102 ||   190
 Stab: Sleeping          |     1 |       ||     1
  Eat: Chunk             |     1 |     2 ||     3
Armor: Leather armour    |     8 |       ||     8
       Plate armour      |    41 |    73 ||   114
Dodge: Dodged            |    45 |    18 ||    63
       Rpst.: Long sword |    21 |     4 ||    25
